BSA
MADISON BOMBERS @ BOSTON REBELS
08/17/2024
 
TOP OF THE 1ST
Madison Bombers batting - Pitching for Boston Rebels : LHP Luis Valentín
Pitching: LHP Luis Valentín
Batting: LHB Keith Tillman 0-0: Ball
1-0: Ball
2-0: Swinging Strike
2-1: Ball
3-1: Base on Balls
Batting: RHB Sergio Márquez 0-0: Ball
1-0: Swinging Strike
1-1: Grounds into double play, 4-6-3 (Groundball, 4)
Batting: LHB Sixto Cantú 0-0: Ball
1-0: Swinging Strike
1-1: Ball
2-1: Foul Ball, location: 2F
2-2: Foul Ball, location: 2F
2-2: Fly out, F8 (Flyball, 8LD)
Top of the 1st over - 0 run(s), 0 hit(s), 0 error(s), 0 left on base; Madison 0 - Boston 0
BOTTOM OF THE 1ST
Boston Rebels batting - Pitching for Madison Bombers : RHP Andy Parker
Pitching: RHP Andy Parker
Batting: LHB Bill Wilson 0-0: Called Strike
0-1: Bunt for hit - play at first, batter OUT! 5-3
Batting: SHB Álex Rosado 0-0: SINGLE (Groundball, 6MD)
Batting: RHB Ronnie Brown 0-0: Ball
1-0: SINGLE (Line Drive, 4M)
Álex Rosado to second
Batting: LHB Félix Gómez 0-0: Foul Ball, location: 2F
0-1: Called Strike
0-2: Ball
1-2: Ball
2-2: Ball
3-2: Ground out 5-3 (Groundball, 15S)
Álex Rosado to third
Ronnie Brown to second
Batting: SHB Javier Villegas 0-0: Ball
1-0: Foul Ball, location: 2F
1-1: Ball
2-1: Foul Ball, location: 2F
2-2: Fly out, F7 (Flyball, 6D)
Bottom of the 1st over - 0 run(s), 2 hit(s), 0 error(s), 2 left on base; Madison 0 - Boston 0
TOP OF THE 2ND
Madison Bombers batting - Pitching for Boston Rebels : LHP Luis Valentín
Batting: LHB Dave Williams 0-0: Ball
1-0: Ball
2-0: Foul Ball, location: 2F
2-1: Foul Ball, location: 2F
2-2: Foul Ball, location: 2F
2-2: Ground out 4-3 (Groundball, 4M)
Batting: LHB José Santos 0-0: Called Strike
0-1: Ball
1-1: Foul Ball, location: 2F
1-2: Strikes out looking
Batting: RHB Vicente Aguirre 0-0: Called Strike
0-1: Ball
1-1: Called Strike
1-2: Ground out 6-3 (Groundball, 6M)
Top of the 2nd over - 0 run(s), 0 hit(s), 0 error(s), 0 left on base; Madison 0 - Boston 0
BOTTOM OF THE 2ND
Boston Rebels batting - Pitching for Madison Bombers : RHP Andy Parker
Batting: LHB Stanley Mullins 0-0: Called Strike
0-1: Ground out 5-3 (Groundball, 56S)
Batting: RHB Wilson Gómez 0-0: Ball
1-0: Ball
2-0: Fly out, F8 (Popup, 8RM)
Batting: LHB Tony Ramírez 0-0: Swinging Strike
0-1: Ball
1-1: Fly out, F9 (Flyball, 89M)
Bottom of the 2nd over - 0 run(s), 0 hit(s), 0 error(s), 0 left on base; Madison 0 - Boston 0
TOP OF THE 3RD
Madison Bombers batting - Pitching for Boston Rebels : LHP Luis Valentín
Batting: SHB Jorge Flores 0-0: Called Strike
0-1: Ground out 6-3 (Groundball, 6S)
Batting: LHB Avery Hopkins 0-0: Ball
1-0: Swinging Strike
1-1: Swinging Strike
1-2: Ball
2-2: Foul Ball, location: 2F
2-2: Ground out 1-3 (Groundball, 13S)
Batting: RHB Quinton Martínez 0-0: Foul Ball, location: 2F
0-1: Ground out 5-3 (Groundball, 5L)
Top of the 3rd over - 0 run(s), 0 hit(s), 0 error(s), 0 left on base; Madison 0 - Boston 0
BOTTOM OF THE 3RD
Boston Rebels batting - Pitching for Madison Bombers : RHP Andy Parker
Batting: RHB Rob Whitley 0-0: Foul Ball, location: 2F
0-1: Ball
1-1: Ball
2-1: Fly out, F8 (Flyball, 8LM)
Batting: LHB Bill Wilson 0-0: Ball
1-0: Called Strike
1-1: Ball
2-1: SINGLE (Groundball, 6MD)
Batting: SHB Álex Rosado 0-0: Fly out, F8 (Popup, 6MD)
Batting: RHB Ronnie Brown 0-0: Swinging Strike
0-1: SINGLE (Groundball, 34)
Bill Wilson to second
Runner from 2nd tries for 3rd, SAFE, no throw or cutoff
Batting: LHB Félix Gómez 0-0: DOUBLE (Line Drive, 9LD)
Bill Wilson scores
Ronnie Brown to third
Runner from 3rd tries for Home, throw and OUT!
Bottom of the 3rd over - 1 run(s), 3 hit(s), 0 error(s), 1 left on base; Madison 0 - Boston 1
TOP OF THE 4TH
Madison Bombers batting - Pitching for Boston Rebels : LHP Luis Valentín
Batting: LHB Keith Tillman 0-0: Swinging Strike
0-1: Ball
1-1: Swinging Strike
1-2: Ground out 4-3 (Groundball, 34)
Batting: RHB Sergio Márquez 0-0: Ball
1-0: Fly out, F8 (Flyball, 8LD)
Batting: LHB Sixto Cantú 0-0: Called Strike
0-1: Fly out, F6 (Popup, 6M)
Top of the 4th over - 0 run(s), 0 hit(s), 0 error(s), 0 left on base; Madison 0 - Boston 1
BOTTOM OF THE 4TH
Boston Rebels batting - Pitching for Madison Bombers : RHP Andy Parker
Batting: SHB Javier Villegas 0-0: Ball
1-0: DOUBLE (Flyball, 78D)
Batting: LHB Stanley Mullins 0-0: Called Strike
0-1: Fly out, F7 (Flyball, 7LMF)
Batting: RHB Wilson Gómez 0-0: Called Strike
0-1: Called Strike
0-2: Fly out, F8 (Flyball, 8RS)
Batting: LHB Tony Ramírez 0-0: Ball
1-0: Ball
2-0: Foul Ball, location: 2F
2-1: Ball
3-1: Fly out, F6 (Popup, 5F)
Bottom of the 4th over - 0 run(s), 1 hit(s), 0 error(s), 1 left on base; Madison 0 - Boston 1
TOP OF THE 5TH
Madison Bombers batting - Pitching for Boston Rebels : LHP Luis Valentín
Batting: LHB Dave Williams 0-0: Called Strike
0-1: Ball
1-1: Fly out, F6 (Popup, 6D)
Batting: LHB José Santos 0-0: Swinging Strike
0-1: Called Strike
0-2: Ball
1-2: Ball
2-2: Foul Ball, location: 2F
2-2: Fly out, F7 (Flyball, 7LS)
Batting: RHB Vicente Aguirre 0-0: Called Strike
0-1: Ball
1-1: Fly out, F7 (Flyball, 7S)
Top of the 5th over - 0 run(s), 0 hit(s), 0 error(s), 0 left on base; Madison 0 - Boston 1
BOTTOM OF THE 5TH
Boston Rebels batting - Pitching for Madison Bombers : RHP Andy Parker
Batting: RHB Rob Whitley 0-0: Called Strike
0-1: Ball
1-1: Ball
2-1: Ground out 4-3 (Groundball, 13)
Batting: LHB Bill Wilson 0-0: Ball
1-0: DOUBLE (Line Drive, 7LM)
Batting: SHB Álex Rosado 0-0: Foul Ball, location: 2F
0-1: Fly out, F5 (Line Drive, 56)
Batting: RHB Ronnie Brown 0-0: SINGLE (Groundball, 15S) (infield hit)
Bill Wilson to third
Batting: LHB Félix Gómez 0-0: Called Strike
0-1: Ball
1-1: Called Strike
1-2: Ground out 5-3 (Groundball, 56S)
Bottom of the 5th over - 0 run(s), 2 hit(s), 0 error(s), 2 left on base; Madison 0 - Boston 1
TOP OF THE 6TH
Madison Bombers batting - Pitching for Boston Rebels : LHP Luis Valentín
Batting: SHB Jorge Flores 0-0: Ball
1-0: SINGLE (Groundball, 34D)
Batting: LHB Avery Hopkins 0-0: Called Strike
Jorge Flores is caught stealing 2nd base
0-1: Called Strike
0-2: Ball
1-2: Foul Ball, location: 2F
1-2: Ball
2-2: Foul Ball, location: 2F
2-2: Foul Ball, location: 2F
2-2: SINGLE (Groundball, 2R) (infield hit)
Batting: RHB Quinton Martínez 0-0: Called Strike
Avery Hopkins is caught stealing 2nd base
0-1: Foul Ball, location: 2F
0-2: Strikes out swinging
Top of the 6th over - 0 run(s), 2 hit(s), 0 error(s), 0 left on base; Madison 0 - Boston 1
BOTTOM OF THE 6TH
Boston Rebels batting - Pitching for Madison Bombers : RHP Andy Parker
Batting: SHB Javier Villegas 0-0: Swinging Strike
0-1: Ball
1-1: Swinging Strike
1-2: Fly out, F7 (Flyball, 7M)
Batting: LHB Stanley Mullins 0-0: Fly out, F8 (Flyball, 8RXD)
Batting: RHB Wilson Gómez 0-0: Called Strike
0-1: Foul Ball, location: 2F
0-2: Foul Ball, location: 2F
0-2: Ground out 3-1 (Groundball, 34)
Bottom of the 6th over - 0 run(s), 0 hit(s), 0 error(s), 0 left on base; Madison 0 - Boston 1
TOP OF THE 7TH
Madison Bombers batting - Pitching for Boston Rebels : LHP Luis Valentín
Batting: LHB Keith Tillman 0-0: Called Strike
0-1: Ground out 4-3 (Groundball, 4)
Batting: RHB Sergio Márquez 0-0: Ball
1-0: Ball
2-0: Foul Ball, location: 2F
2-1: Foul Ball, location: 2F
2-2: Fly out, F7 (Flyball, 7D)
Batting: LHB Sixto Cantú 0-0: Ball
1-0: Ball
2-0: Swinging Strike
2-1: Swinging Strike
2-2: Foul Ball, location: 2F
2-2: Strikes out looking
Top of the 7th over - 0 run(s), 0 hit(s), 0 error(s), 0 left on base; Madison 0 - Boston 1
BOTTOM OF THE 7TH
Boston Rebels batting - Pitching for Madison Bombers : RHP Andy Parker
Batting: LHB Tony Ramírez 0-0: Fly out, F8 (Flyball, 8LM)
Batting: RHB Rob Whitley 0-0: Called Strike
0-1: Ball
1-1: Ball
2-1: Foul Ball, location: 2F
2-2: Fly out, F7 (Flyball, 7D)
Batting: LHB Bill Wilson 0-0: Called Strike
0-1: Ball
1-1: Fly out, F7 (Popup, 56D)
Bottom of the 7th over - 0 run(s), 0 hit(s), 0 error(s), 0 left on base; Madison 0 - Boston 1
TOP OF THE 8TH
Madison Bombers batting - Pitching for Boston Rebels : LHP Luis Valentín
Batting: LHB Dave Williams 0-0: Swinging Strike
0-1: Ball
1-1: Called Strike
1-2: Ball
2-2: Strikes out swinging
Batting: LHB José Santos 0-0: SINGLE (Flyball, 7S)
Batting: RHB Vicente Aguirre 0-0: 2-RUN HOME RUN (Flyball, 9D), Distance : 404 ft
Batting: SHB Jorge Flores 0-0: SINGLE (Groundball, 4MD)
Batting: LHB Avery Hopkins 0-0: Foul Ball, location: 2F
0-1: Ball
1-1: Called Strike
1-2: SINGLE (Line Drive, 8LS)
Jorge Flores to second
Batting: RHB Quinton Martínez 0-0: Swinging Strike
0-1: Ball
1-1: Swinging Strike
1-2: Ball
2-2: Strikes out looking
Pinch Hitting: SHB Derek Roach 0-0: Ball
1-0: Foul Ball, location: 2F
1-1: Foul Ball, location: 2F
1-2: Ground out 6-3 (Groundball, 6)
Top of the 8th over - 2 run(s), 4 hit(s), 0 error(s), 2 left on base; Madison 2 - Boston 1
BOTTOM OF THE 8TH
Boston Rebels batting - Pitching for Madison Bombers : RHP Andy Parker
Now at 3B: Bailey Ramsey
Batting: SHB Álex Rosado 0-0: Swinging Strike
0-1: Fly out, F8 (Flyball, 8LD)
Batting: RHB Ronnie Brown 0-0: Called Strike
0-1: Ball
1-1: Ball
2-1: Ground out 1-3 (Groundball, 15)
Batting: LHB Félix Gómez 0-0: Called Strike
0-1: Swinging Strike
0-2: DOUBLE (Flyball, 8LXD)
Batting: SHB Javier Villegas 0-0: Ball
1-0: Fly out, F7 (Flyball, 78S)
Bottom of the 8th over - 0 run(s), 1 hit(s), 0 error(s), 1 left on base; Madison 2 - Boston 1
TOP OF THE 9TH
Madison Bombers batting - Pitching for Boston Rebels : LHP Luis Valentín
Batting: RHB Sergio Márquez 0-0: Ball
1-0: Called Strike
1-1: Ball
2-1: Ball
3-1: Base on Balls
Pitching: LHP Yoshihiro Hasegawa
Batting: LHB Sixto Cantú 0-0: Ball
1-0: Ball
2-0: Swinging Strike
2-1: Foul Ball, location: 2F
2-2: Foul Ball, location: 2F
2-2: Ball
3-2: Base on Balls
Sergio Márquez to second
Batting: LHB Dave Williams 0-0: Ball
1-0: Fly out, F8 (Popup, 8RS)
Batting: LHB José Santos 0-0: Foul Ball, location: 2F
0-1: Foul Ball, location: 2F
0-2: Strikes out swinging
Batting: RHB Vicente Aguirre 0-0: Ball
1-0: Fly out, F8 (Flyball, 8RD)
Top of the 9th over - 0 run(s), 0 hit(s), 0 error(s), 2 left on base; Madison 2 - Boston 1
BOTTOM OF THE 9TH
Boston Rebels batting - Pitching for Madison Bombers : RHP Andy Parker
Pitching: RHP Luis Cortéz
Batting: LHB Stanley Mullins 0-0: Called Strike
0-1: Ball
1-1: Swinging Strike
1-2: Foul Ball, location: 2F
1-2: Ground out 5-3 (Groundball, 56)
Batting: RHB Wilson Gómez 0-0: Called Strike
0-1: Foul Ball, location: 2F
0-2: Strikes out looking
Batting: LHB Tony Ramírez 0-0: Swinging Strike
0-1: Foul Ball, location: 2F
0-2: Ball
1-2: Hit by Pitch
Batting: RHB Rob Whitley 0-0: SINGLE (Line Drive, 8RS)
Tony Ramírez to second
Batting: LHB Bill Wilson 0-0: Ball
1-0: Foul Ball, location: 2F
1-1: Called Strike
1-2: Foul Ball, location: 2F
1-2: Ground out U3 (Groundball, 3S)
Bottom of the 9th over - 0 run(s), 1 hit(s), 0 error(s), 2 left on base; Madison 2 - Boston 1
This league is powered by Out of the Park Baseball, the baseball management simulation game for PC, Mac and Linux
Saturday, April 9th, 2016 - OOTP Baseball 16.8 Build 38